Match 46738717
Unlisted

Match 46738717
End
Royal Engineer Section
Construct Section Command Post
Selects Australian Defense Battlegroup
Selects Australian Light Infantry Section
Infantry Section
Dingo Light Scout Car
Infantry Section
Construct Platoon Command Post
Humber Armored Car
Construct Field Infirmary
Selects 2-pounder Anti-tank Gun Team
Infantry Section
Humber Armored Car
Infantry Section
Selects Vehicle Over Repair
Construct Company Command Post
Crusader II Medium Tank
6-pounder Anti-tank Gun Team
UMirinBrah?
Chank Bulkhead
0
0

Comments sign in to comment!

No comments posted yet!